2220 views
Uploaded 2024-05-18 18:48:01
Game version 1.36 (6115)
24:52 long 1on1 custom game on (2)EchoIsles
Game name "123stg"
Saved by VladStg
2220 views
Uploaded 2024-05-18 18:48:01
Game version 1.36 (6115)
24:52 long 1on1 custom game on (2)EchoIsles
Game name "123stg"

44 units @ 5.6k
/ 0.4k
30 buildings @ 2.9k
/ 1.5k


| Scroll of Regeneration | 3 | 300 |
| Ivory Tower | 2 | 80 |
| Lesser Clarity Potion | 2 | 140 |
| Potion of Mana | 1 | 200 |
| Potion of Healing | 1 | 150 |
| Scroll of Town Portal | 2 | 700 |
| total: | 11 | 1570g |
| Peasant | 19 | 1425 | / | 0 |
| Footman | 10 | 1350 | / | 0 |
| Priest | 3 | 405 | / | 30 |
| Dragonhawk Rider | 10 | 2000 | / | 300 |
| Forest Troll Shadow Priest | 1 | 195 | / | 10 |
| Forest Troll Berserker | 1 | 245 | / | 30 |
| total: | 44 | 5620g | / | 370w |
| Scout Tower | 13 | 390 | / | 260 |
| Guard Tower | 8 | 560 | / | 400 |
| Arcane Tower | 3 | 210 | / | 150 |
| Altar of Kings | 1 | 180 | / | 50 |
| Farm | 6 | 480 | / | 120 |
| Barracks | 1 | 160 | / | 60 |
| Lumber Mill | 1 | 120 | / | 0 |
| Arcane Vault | 2 | 260 | / | 60 |
| Blacksmith | 1 | 140 | / | 60 |
| Town Hall | 2 | 770 | / | 410 |
| Arcane Sanctum | 1 | 150 | / | 140 |
| Gryphon Aviary | 2 | 280 | / | 300 |
| Keep | 1 | 320 | / | 210 |
| Castle | 1 | 360 | / | 210 |
| total: | 30 | 2930g | / | 1460w |
| 0:02 | Peasant |
| 0:03 | Peasant |
| 0:11 | Altar of Kings |
| 0:14 | Peasant |
| 0:21 | Farm |
| 0:38 | Barracks |
| 0:52 | Peasant |
| 1:13 | Peasant |
| 1:16 | Farm |
| 1:25 | Peasant |
| 1:36 | Farm |
| 1:44 | Footman |
| 1:55 | Lumber Mill |
| 1:57 | Peasant |
| 2:06 | Footman |
| 2:21 | Summon Water Elemental |
| 2:26 | Footman |
| 2:27 | Peasant |
| 2:54 | Forest Troll Shadow Priest |
| 3:07 | Improved Lumber Harvesting |
| 3:08 | Peasant |
| 3:29 | Arcane Vault |
| 3:33 | Arcane Vault |
| 3:40 | Forest Troll Berserker |
| 4:01 | Brilliance Aura |
| 4:09 | Keep |
| 4:23 | Scroll of Regeneration |
| 5:26 | Footman |
| 5:27 | Defend |
| 5:29 | Improved Masonry |
| 5:51 | Footman |
| 6:10 | Footman |
| 6:18 | Scroll of Regeneration |
| 6:35 | Ivory Tower |
| 6:35 | Ivory Tower |
| 6:36 | Scroll of Regeneration |
| 6:37 | Lesser Clarity Potion |
| 6:43 | Lesser Clarity Potion |
| 6:59 | Peasant |
| 7:01 | Advanced Masonry |
| 7:19 | Farm |
| 7:20 | Farm |
| 7:20 | Farm |
| 7:39 | Scout Tower |
| 7:40 | Scout Tower |
| 7:41 | Scout Tower |
| 7:49 | Scout Tower |
| 8:03 | Guard Tower |
| 8:16 | Scout Tower |
| 8:17 | Guard Tower |
| 8:18 | Arcane Tower |
| 8:26 | Footman |
| 8:27 | Footman |
| 8:57 | Arcane Sanctum |
| 9:17 | Footman |
| 9:57 | Arcane Tower |
| 10:33 | Summon Water Elemental |
| 11:15 | Priest |
| 11:35 | Peasant |
| 11:35 | Peasant |
| 11:41 | Priest |
| 11:48 | Blacksmith |
| 11:55 | Storm Bolt |
| 12:21 | Peasant |
| 12:35 | Scout Tower |
| 12:46 | Priest |
| 12:48 | Footman |
| 13:02 | Scroll of Town Portal |
| 13:14 | Scout Tower |
| 13:15 | Guard Tower |
| 13:29 | Gryphon Aviary |
| 13:42 | Gryphon Aviary |
| 14:07 | Guard Tower |
| 15:02 | Dragonhawk Rider |
| 15:03 | Castle |
| 15:11 | Scout Tower |
| 15:12 | Scout Tower |
| 15:14 | Scout Tower |
| 15:42 | Guard Tower |
| 15:42 | Guard Tower |
| 15:44 | Scout Tower |
| 15:45 | Guard Tower |
| 15:49 | Scout Tower |
| 16:14 | Arcane Tower |
| 16:24 | Guard Tower |
| 16:32 | Advanced Lumber Harvesting |
| 16:53 | Town Hall |
| 18:32 | Town Hall |
| 18:58 | Dragonhawk Rider |
| 19:00 | Dragonhawk Rider |
| 19:31 | Storm Hammers |
| 19:34 | Iron Forged Swords |
| 20:20 | Peasant |
| 20:20 | Peasant |
| 20:30 | Peasant |
| 20:30 | Peasant |
| 20:41 | Peasant |
| 20:52 | Peasant |
| 21:03 | Potion of Mana |
| 21:05 | Scroll of Town Portal |
| 21:07 | Potion of Healing |
| 22:00 | Dragonhawk Rider |
| 22:00 | Dragonhawk Rider |
| 22:01 | Dragonhawk Rider |
| 22:12 | Dragonhawk Rider |
| 22:21 | Scout Tower |
| 22:58 | Dragonhawk Rider |
| 23:57 | Dragonhawk Rider |
| 23:59 | Dragonhawk Rider |
| Right click | 1805 |
| Select | 505 |
| Select group | 500 |
| Build/train/purchase | 134 |
| Use ability | 97 |
| Assign group | 58 |
| Esc | 5 |
| Chat | 4 |
| Misc. action | 3 |
| Remove unit | 2 |
| Item give/drop | 1 |
39 units @ 6.5k
/ 0.7k
21 buildings @ 3.4k
/ 1.5k



| Healing Salve | 3 | 300 |
| Lesser Clarity Potion | 2 | 140 |
| Scroll of Speed | 1 | 50 |
| Potion of Mana | 1 | 200 |
| Scroll of Healing | 1 | 250 |
| Scroll of Protection | 1 | 150 |
| Boots of Speed | 1 | 250 |
| total: | 10 | 1340g |
| Peon | 15 | 1125 | / | 0 |
| Grunt | 6 | 1200 | / | 0 |
| Raider | 4 | 720 | / | 160 |
| Shaman | 2 | 260 | / | 40 |
| Kodo Beast | 1 | 255 | / | 60 |
| Wind Rider | 11 | 2915 | / | 440 |
| total: | 39 | 6475g | / | 700w |
| Watch Tower | 2 | 220 | / | 160 |
| Altar of Storms | 1 | 180 | / | 50 |
| Orc Burrow | 8 | 1280 | / | 320 |
| Barracks | 1 | 180 | / | 50 |
| Voodoo Lounge | 2 | 260 | / | 60 |
| War Mill | 1 | 205 | / | 0 |
| Great Hall | 1 | 385 | / | 185 |
| Beastiary | 4 | 580 | / | 560 |
| Spirit Lodge | 1 | 150 | / | 150 |
| Stronghold | 1 | 315 | / | 190 |
| Fortress | 1 | 325 | / | 190 |
| total: | 21 | 3440g | / | 1535w |
| 0:01 | Peon |
| 0:05 | Altar of Storms |
| 0:08 | Peon |
| 0:20 | Orc Burrow |
| 0:30 | Peon |
| 0:32 | Barracks |
| 0:45 | Peon |
| 1:04 | Peon |
| 1:20 | Peon |
| 1:28 | Orc Burrow |
| 1:34 | Peon |
| 1:42 | Grunt |
| 2:01 | Voodoo Lounge |
| 2:19 | Feral Spirit |
| 2:32 | Grunt |
| 2:47 | Stronghold |
| 3:06 | Grunt |
| 3:15 | Healing Salve |
| 3:33 | Orc Burrow |
| 4:23 | Chain Lighting |
| 4:57 | Grunt |
| 5:35 | Berserker Strength |
| 5:36 | Grunt |
| 5:39 | Beastiary |
| 5:40 | Beastiary |
| 6:37 | Healing Salve |
| 6:38 | Lesser Clarity Potion |
| 6:39 | Scroll of Speed |
| 6:43 | Endurance Aura |
| 6:55 | Beastiary |
| 6:56 | Ensnare |
| 6:56 | Raider |
| 7:04 | Orc Burrow |
| 8:21 | Feral Spirit |
| 8:43 | Raider |
| 8:46 | War Stomp |
| 9:49 | War Mill |
| 9:54 | Raider |
| 9:55 | Raider |
| 9:55 | Grunt |
| 10:44 | Fortress |
| 10:51 | Spirit Lodge |
| 11:33 | Great Hall |
| 11:38 | Orc Burrow |
| 12:08 | Shaman Adept Training |
| 12:09 | Shaman |
| 12:49 | Endurance Aura |
| 13:20 | Scroll of Healing |
| 13:20 | Scroll of Protection |
| 13:33 | Boots of Speed |
| 13:39 | Chain Lighting |
| 13:46 | Shaman Master Training |
| 13:46 | Shaman |
| 14:26 | Healing Wave |
| 15:28 | Kodo Beast |
| 15:29 | War Drums Damage Increase |
| 16:36 | Peon |
| 16:36 | Peon |
| 16:36 | Peon |
| 16:36 | Peon |
| 16:49 | Beastiary |
| 16:51 | Orc Burrow |
| 16:52 | Orc Burrow |
| 18:17 | Wind Rider |
| 18:17 | Wind Rider |
| 18:19 | Envenomed Spears |
| 18:35 | War Stomp |
| 18:44 | Wind Rider |
| 18:44 | Wind Rider |
| 18:52 | Peon |
| 18:52 | Peon |
| 19:03 | Voodoo Lounge |
| 19:14 | Wind Rider |
| 19:14 | Wind Rider |
| 19:45 | Watch Tower |
| 19:49 | Watch Tower |
| 19:52 | Peon |
| 19:52 | Peon |
| 20:06 | Healing Salve |
| 20:09 | Lesser Clarity Potion |
| 20:11 | Potion of Mana |
| 20:31 | Orc Burrow |
| 21:06 | Steel Ranged Weapons |
| 22:03 | Feral Spirit |
| 22:30 | Wind Rider |
| 22:30 | Wind Rider |
| 22:56 | Endurance Aura |
| 23:07 | Wind Rider |
| 23:08 | Wind Rider |
| 24:29 | Wind Rider |
| Right click | 1737 |
| Select group | 771 |
| Select | 671 |
| Misc. action | 147 |
| Assign group | 108 |
| Build/train/purchase | 97 |
| Use ability | 45 |
| Chat | 4 |
| Item give/drop | 2 |
| Remove unit | 1 |